Map: At Eternity's Edge LE

Players

반포골드핑거 - Winner!

  • Race: Zerg Zerg
  • League: Master

SialicAcid

  • Race: Terran Terran
  • League: Diamond

VOD

Have the link to the VOD?

Description

Time

  • Played on: Sept. 23, 2026, 3:52 p.m.
  • Length: 17:25
Show
View Real Time Build Order
Export as new Build Order

반포골드핑거 Zerg - Winner!

Build Orders: Hatch First 

Get SALT Encoding   

  12  0:00  Drone  
  13  0:12  Overlord  
  13  0:17  Drone  
  14  0:31  Drone x2  
  16  0:37  Drone  
  17  0:50  Hatchery  
  17  0:53  Drone  
  17  0:56  Drone  
  18  1:09  Extractor  
  17  1:11  Spawning Pool  
  17  1:14  Drone  
  17  1:18  Drone  
  18  1:28  Drone  
  19  1:39  Drone  
  20  1:50  Drone  
  21  2:02  Queen x2  
  21  2:03  Zergling x4  
  27  2:14  Hatchery  
  26  2:18  Metabolic Boost  
  26  2:22  Drone  
  27  2:26  Overlord  
  27  2:28  Drone  
  28  2:44  Drone x2  
  30  2:45  Drone x2  
  30  2:49  Drone  
  30  2:50  Queen  
  34  2:55  Overlord  
  34  3:03  Overlord  
  34  3:10  Drone  
  35  3:20  Queen  
  35  3:22  Drone x3  
  35  3:23  Drone x2  
  35  3:26  Queen  
  44  3:32  Drone x2  
  46  3:35  Zergling x2  
  46  3:40  Zergling x6  
  50  3:52  Zergling x2  
  50  3:53  Zergling x4  
  53  3:59  Drone x4  
  57  4:10  Overlord x3  
  57  4:19  Extractor x2  
  55  4:26  Lair  
  55  4:27  Spore Crawler  
  55  4:28  Queen x2, Spore Crawler  
  55  4:29  Spore Crawler  
  55  4:30  Drone x4  
  60  4:36  Drone  
  60  4:37  Drone x3  
  64  4:40  Drone  
  64  4:42  Drone x2  
  64  4:43  Drone  
  68  4:49  Drone x3  
  68  4:50  Drone  
  72  4:59  Drone x2  
  74  5:07  Evolution Chamber  
  74  5:08  Evolution Chamber  
  74  5:09  Drone x3, Baneling Nest  
  74  5:15  Overlord x3  
  74  5:30  Overlord x4  
  74  5:40  Zerg Melee Weapons Level 1, Zerg Ground Armor Level 1  
  73  5:46  Hatchery  
  73  5:47  Spire  
  71  5:53  Drone x8  
  71  5:54  Drone  
  80  5:58  Centrifugal Hooks  
  80  5:59  Drone x2  
  80  6:00  Drone  
  80  6:02  Extractor  
  82  6:05  Drone x4  
  86  6:15  Extractor  
  86  6:16  Extractor  
  84  6:21  Zergling x18  
  92  6:31  Spore Crawler  
  92  6:32  Drone x3  
  94  6:33  Drone x2  
  94  6:39  Baneling x14  
  96  6:52  Zergling x22  
  96  6:53  Hatchery  
  96  6:54  Zergling x2  
  107  7:07  Overlord x2  
  107  7:08  Zergling x10  
  112  7:20  Zergling x16  
  118  7:26  Zergling x2  
  119  7:31  Zergling x6  
  119  7:32  Zergling x10  
  119  7:35  Overseer  
  127  7:39  Baneling x12  
  127  7:40  Zergling x4  
  127  7:43  Zerg Melee Weapons Level 2, Zerg Ground Armor Level 2  
  129  7:54  Zergling x12  
  135  8:00  Zergling x2  
  135  8:01  Overlord x4  
  122  8:16  Overlord x3  
  122  8:19  Infestation Pit  
  121  8:23  Zerg Flyer Weapons Level 1  
  120  8:31  Zergling x8  
  120  8:32  Zergling x22  
  130  8:45  Baneling x8  
  130  8:46  Zergling x14  
  137  8:51  Hatchery  
  136  8:58  Drone x2  
  136  8:59  Drone x6  
  142  9:10  Zergling x14  
  133  9:23  Zergling x20  
  100  9:31  Zergling x2  
  100  9:32  Zergling x22  
  100  9:33  Baneling x12  
  112  9:41  Zergling x12  
  118  9:50  Drone x3  
  118  9:51  Drone  
  112  9:53  Drone x3  
  112  9:59  Drone x7  
  113  10:00  Drone  
  112  10:07  Drone x3  
  112  10:12  Drone  
  116  10:24  Hive  
  115  10:29  Mutalisk x9  
  132  10:39  Hatchery  
  132  10:40  Extractor x2, Mutalisk x5  
  132  10:41  Spore Crawler  
  138  10:54  Zergling x18  
  147  10:57  Zerg Flyer Weapons Level 2  
  147  11:04  Infestor  
  147  11:05  Infestor, Zergling x6  
  146  11:23  Drone x5  
  146  11:24  Drone x5  
  154  11:30  Zergling x16  
  162  11:40  Baneling x11  
  162  11:41  Baneling x3  
  162  11:57  Zergling x34  
  162  11:59  Hatchery, Adrenal Glands  
  162  12:00  Zerg Melee Weapons Level 3, Zerg Ground Armor Level 3  
  177  12:13  Spore Crawler  
  134  12:30  Zergling x36  
  134  12:31  Zergling x8  
  137  12:53  Zergling x2  
  137  12:54  Zergling x26  
  150  13:05  Drone x7  
  152  13:12  Ultralisk Cavern  
  151  13:13  Drone x5  
  151  13:18  Baneling x4  
  151  13:19  Baneling x5, Zergling x4  
  159  13:20  Zergling x6  
  159  13:24  Zerg Flyer Weapons Level 3  
  159  13:25  Mutalisk x5  
  167  13:33  Spore Crawler  
  166  13:35  Drone x3  
  166  13:36  Drone x3  
  166  13:38  Drone x3  
  175  13:42  Overseer x3  
  175  13:46  Spine Crawler  
  174  13:48  Zergling x2  
  174  13:49  Zergling x24  
  170  14:07  Zergling x2  
  170  14:08  Zergling x34  
  164  14:16  Chitinous Plating  
  159  14:19  Pneumatized Carapace  
  159  14:20  Burrow  
  159  14:21  Ultralisk x3  
  178  14:24  Drone x9  
  186  14:33  Baneling x12  
  186  14:39  Drone  
  186  14:40  Unknown  
  186  14:44  Extractor  
  185  14:46  Extractor  
  184  14:53  Zergling x30  
  194  15:21  Zergling x16  
  172  15:35  Anabolic Synthesis  
  137  15:37  Ultralisk x6  
  137  15:38  Zergling x26  
  137  15:39  Zergling x2  
  179  15:44  Baneling x8  
  179  15:46  Baneling  
  179  15:59  Zergling x26  
  191  16:05  Hatchery  
  191  16:10  Hatchery  
  183  16:11  Zergling x2  
  183  16:12  Zergling x10  
  183  16:16  Zergling x4  
  184  16:24  Overlord x5  
  174  16:40  Baneling x15  
  174  16:41  Baneling x2  
  174  16:52  Zergling x32  
  178  17:03  Zergling x12  
Show
View Real Time Build Order
Export as new Build Order

SialicAcid Terran 

Build Orders: Reaper Expand 

Get SALT Encoding   

  12  0:00  SCV  
  13  0:12  SCV  
  14  0:17  Supply Depot  
  14  0:24  SCV  
  15  0:38  SCV  
  15  0:40  Barracks  
  16  0:44  Refinery  
  16  0:51  SCV  
  17  1:03  SCV  
  18  1:15  SCV  
  19  1:25  Reaper  
  19  1:27  Orbital Command  
  20  1:38  Command Center  
  20  1:49  Supply Depot  
  20  1:53  SCV  
  21  1:59  Marine  
  22  2:03  Factory  
  22  2:06  SCV  
  23  2:10  Refinery  
  23  2:19  SCV  
  23  2:21  Barracks Reactor  
  24  2:31  SCV  
  25  2:44  SCV  
  26  2:52  Orbital Command  
  26  2:55  Starport  
  26  2:56  SCV  
  27  3:02  Hellion, Barracks Tech Lab  
  27  3:03  Hellion  
  31  3:08  SCV  
  32  3:20  SCV  
  32  3:23  SCV  
  32  3:25  Hellion x2  
  38  3:28  Stimpack  
  38  3:32  Viking, SCV  
  41  3:37  SCV  
  42  3:43  Barracks  
  42  3:53  SCV x2  
  43  4:03  Starport Reactor  
  43  4:05  SCV  
  43  4:07  Barracks  
  43  4:09  Factory Tech Lab, Supply Depot  
  44  4:10  Supply Depot  
  44  4:12  SCV  
  45  4:19  SCV  
  45  4:21  Supply Depot  
  46  4:24  Engineering Bay x2  
  46  4:29  Refinery  
  46  4:31  SCV  
  47  4:36  Supply Depot  
  47  4:41  Siege Tank, Marine  
  47  4:43  SCV  
  47  4:44  SCV  
  53  4:48  Starport Reactor  
  53  4:49  Marine x2  
  55  4:55  SCV  
  55  4:56  SCV  
  57  5:04  Terran Infantry Weapons Level 1, Terran Infantry Armor Level 1  
  57  5:07  Marine  
  57  5:08  Marine x2  
  57  5:12  Supply Depot  
  57  5:13  Siege Tank, SCV  
  57  5:14  SCV  
  65  5:16  Refinery  
  65  5:19  Marine  
  65  5:20  Marine  
  67  5:22  Combat Shield  
  67  5:25  Marine  
  67  5:26  Marine  
  67  5:28  SCV x2, Supply Depot  
  70  5:30  Marine  
  72  5:37  Marine  
  73  5:46  Marine x2  
  75  5:52  SCV x2  
  75  5:53  Marine x2  
  75  5:54  Siege Tank, Medivac  
  84  5:57  Supply Depot  
  84  6:01  Medivac  
  86  6:08  Armory  
  86  6:10  Marine x2  
  88  6:12  Marine  
  89  6:20  Command Center  
  89  6:25  Medivac  
  91  6:28  Marine x2  
  91  6:31  Medivac  
  95  6:36  Supply Depot  
  95  6:50  Marine x5  
  100  6:56  Terran Vehicle Weapons Level 1, Barracks x2  
  100  6:57  Siege Tank  
  103  7:07  Marine  
  103  7:08  Marine  
  103  7:28  Marine  
  103  7:29  Marine x4  
  106  7:34  Medivac x2  
  106  7:35  Siege Tank  
  113  7:37  Terran Infantry Weapons Level 2  
  113  7:45  Terran Infantry Armor Level 2  
  113  7:46  Marine x5  
  118  8:04  Marine x3  
  117  8:10  Barracks Reactor x2  
  117  8:11  Siege Tank  
  120  8:14  Marine  
  120  8:15  Marine  
  120  8:18  Supply Depot  
  122  8:20  Drilling Claws  
  122  8:22  Marine x2  
  122  8:25  Barracks  
  122  8:26  Barracks  
  124  8:27  Orbital Command  
  124  8:28  SCV  
  125  8:34  SCV  
  125  8:36  Supply Depot  
  125  8:37  Supply Depot  
  125  8:38  Supply Depot  
  125  8:40  SCV  
  127  8:47  SCV  
  128  8:52  Marine x6  
  128  8:53  Siege Tank  
  137  8:56  SCV x2  
  139  9:07  Marine  
  100  9:25  Siege Tank  
  100  9:26  Marine x9  
  100  9:29  Barracks Tech Lab x2  
  112  9:31  Medivac  
  112  9:32  SCV x2  
  112  9:33  Factory  
  116  9:43  Marine  
  114  9:57  Siege Tank  
  106  10:07  Marine x11  
  98  10:10  Medivac  
  98  10:11  Medivac  
  110  10:14  Refinery  
  110  10:15  Refinery  
  110  10:16  SCV x3  
  110  10:17  Terran Infantry Weapons Level 3  
  110  10:25  Marine x6, Marauder x3  
  110  10:26  Marine  
  110  10:28  SCV, Factory Reactor  
  120  10:30  Widow Mine  
  120  10:35  SCV x2  
  119  10:40  SCV  
  120  10:44  Liberator x2  
  120  10:47  Marauder  
  120  10:49  Marine x6  
  134  10:51  Widow Mine  
  134  10:57  Marine x3  
  136  11:01  Marine  
  140  11:06  SCV x2  
  140  11:07  Marine  
  143  11:13  Widow Mine  
  143  11:14  Command Center  
  139  11:22  Missile Turret  
  139  11:23  Missile Turret x2  
  139  11:25  Missile Turret  
  125  11:29  Marine x2, Missile Turret  
  125  11:32  Missile Turret  
  127  11:40  Marine  
  127  11:41  Marine x6  
  127  11:43  SCV  
  127  11:44  SCV  
  136  12:00  Marine x8  
  136  12:01  Marine x2  
  146  12:02  Widow Mine x2  
  146  12:03  Marauder  
  152  12:12  Widow Mine  
  154  12:18  Marine x3  
  150  12:23  Widow Mine  
  150  12:28  Marine x5  
  150  12:29  Marine, Marauder  
  136  12:30  Marauder, Widow Mine  
  136  12:33  Widow Mine  
  140  12:39  Marine x3  
  141  12:45  Widow Mine  
  141  12:46  Marine x5  
  141  12:47  Marauder  
  150  12:53  Marine x2  
  150  12:57  Marine x3  
  151  12:59  Widow Mine x2  
  151  13:04  Marine x4  
  157  13:08  Marauder  
  157  13:11  Marauder x2, Refinery  
  161  13:14  Missile Turret, Marine x2  
  161  13:15  Marine  
  165  13:25  Marine x3  
  168  13:27  Barracks Reactor  
  168  13:29  Widow Mine x3  
  168  13:30  Marauder  
  168  13:32  Marine x2, Marauder  
  168  13:33  Planetary Fortress  
  179  13:35  SCV  
  179  13:40  Supply Depot  
  180  13:58  SCV  
  180  14:00  Marauder  
  180  14:02  Widow Mine  
  177  14:09  Marine x10  
  150  14:16  Medivac  
  143  14:18  Terran Infantry Armor Level 3, SCV x2  
  143  14:19  SCV x2  
  143  14:21  Marine  
  143  14:23  Refinery  
  148  14:27  Marine x8, Refinery, Marauder  
  148  14:28  Marauder  
  148  14:30  SCV  
  161  14:36  Widow Mine x3  
  167  14:38  SCV x2  
  167  14:39  SCV, Marauder  
  167  14:43  SCV  
  167  14:44  Missile Turret, Marine  
  167  14:45  Marine x2  
  176  14:48  Sensor Tower  
  176  14:49  Marauder x2  
  176  14:50  SCV  
  181  14:57  Widow Mine  
  183  15:00  Marine x2  
  185  15:08  Marauder, Marine  
  185  15:10  Marauder  
  185  15:13  Marauder  
  184  15:23  Widow Mine  
  184  15:24  Widow Mine  
  184  15:26  Widow Mine, Marine  
  152  15:29  Marauder  
  152  15:32  Marauder  
  152  15:34  Marauder  
  125  15:38  Marine x6  
  125  15:39  Marine  
  129  15:44  Marine  
  129  15:48  Command Center  
  130  15:50  Marauder  
  130  15:53  Marauder  
  130  15:55  Widow Mine x2, Marauder  
  130  15:56  Marine x4  
  133  16:12  Marauder  
  133  16:14  Marauder  
  133  16:17  Medivac  
  133  16:18  Medivac, Marine  
  124  16:19  Marine x8  
  124  16:20  Widow Mine x2  
  124  16:21  Orbital Command  
  123  16:32  Marine  
  124  16:41  Marine x8  
  124  16:42  Marine x2  
  124  16:43  Command Center  
  134  16:47  Medivac  
  134  16:51  Marauder  
  135  17:00  Marauder  
  128  17:05  Marine x5  
  128  17:06  Marine x3  
Tags
 
Add a new tag
Caveats
  • Supply blocks, unpowered buildings, or Contaminate may cause inaccurate times.
  • Supply counts are checked every 10 seconds.